 Dungeon Crawl Stone Soup version 0.27-a0-1149-g4505690ab0 (webtiles) character file.

Game seed: 5962312463339712406

2 voltaire321 the Gusty (level 1, 0/12 HPs)
             Began as a Kobold Wanderer on May 13, 2021.
             Slain by a jackal (2 damage)
             ... on level 1 of the Dungeon.
             The game lasted 00:01:44 (83 turns).

voltaire321 the Gusty (Kobold Wanderer)               Turns: 83, Time: 00:01:45

Health: 0/12       AC:  2    Str:  6    XL:     1   Next: 44%
Magic:  2/2        EV: 13    Int: 15    God:
Gold:   0          SH:  0    Dex: 15    Spells: 2/2 levels left

rFire    . . .     SeeInvis .   a - +2 dagger
rCold    . . .     Faith    .   (shield restricted)
rNeg     . . .     Spirit   .   e - +0 robe
rPois    .         Reflect  .   (no helmet)
rElec    .         Harm     .   (no cloak)
rCorr    .         Rampage  .   (no gloves)
Will     .....                  (no boots)
Stlth    +++.......             (no amulet)
HPRegen  0.04/turn              (no ring)
MPRegen  0.08/turn              (no ring)

@: no status effects
A: small, no large weapons, nightstalker 3
a: no special abilities


You were on level 1 of the Dungeon.
You visited 1 branch of the dungeon, and saw 1 of its levels.

Inventory:

Hand Weapons
 a - a +2 dagger (weapon)
 d - a +0 spear
Armour
 e - a +0 robe (worn)
Potions
 b - a potion of haste
 c - a potion of cancellation {unknown}


   Skills:
 + Level 2.2 Fighting
 + Level 0.3 Short Blades
 + Level 0.2 Dodging
 + Level 2.8 Stealth
 - Level 1.1 Spellcasting
 - Level 1.0 Hexes
 - Level 3.0 Air Magic
 - Level 1.2 Evocations


You had 2 spell levels left.
You didn't know any spells.
Your spell library contained the following spells:

 Spells                   Type           Power      Damage    Failure   Level
 Corpse Rot               Necr/Air       N/A        N/A       21%         2
 Sublimation of Blood     Necr           0%         N/A       36%         2


Dungeon Overview and Level Annotations

Branches:
Dungeon (1/15)

Altars:


Innate Abilities, Weirdness & Mutations

You are small and have problems with some larger weapons.
You are completely attuned to the shadows.


Message History

The jackal is moderately wounded.
The jackal misses you.
You hit the jackal.
The jackal is heavily wounded.
The jackal closely misses you. The jackal bites you.
You hit the jackal but do no damage.
The jackal is heavily wounded.
The jackal bites you but does no damage.
You hit the jackal.
You kill the jackal!
You see here a jackal corpse.
HP restored.
A jackal comes into view.
The jackal barks!
You hear a bark! x2
A jackal comes into view. x2
You hit the jackal.
The jackal is almost dead.
The jackal bites you but does no damage.
The jackal barely misses you.
The jackal bites you but does no damage.
You hit the jackal.
You kill the jackal!
The jackal bites you but does no damage.
The jackal misses you.
You hit the jackal but do no damage.
The jackal bites you but does no damage.
The jackal bites you.
You closely miss the jackal.
The jackal stops to sniff the ground.
The jackal misses you. The jackal closely misses you.
The jackal barely misses you. The jackal misses you.
You hit the jackal but do no damage.
The jackal bites you but does no damage.
The jackal bites you.
You hit the jackal but do no damage. The jackal bites you.
The jackal barely misses you.
You closely miss the jackal. The jackal bites you.
* * * LOW HITPOINT WARNING * * *
The jackal bites you.
You die...

#.# #.# ########
#.###..@h..#
#.##...h##.#
##########.##.†..#
.................+
'''''##...###....#
......###...#....#
........##..#....#
........# .......
#'''#####


You could see 2 jackals.

Vanquished Creatures
  2 jackals (D:1)
2 creatures vanquished.

Notes
Turn   | Place    | Note
-------+----------+-------------------------------------------
     0 | D:1      | voltaire321 the Kobold Wanderer began the quest for the
                  | Orb.
     0 | D:1      | voltaire321 set off with the following items: a +2 dagger,
                  | a potion of haste, a +0 spear, a +0 robe; and the following
                  | spells available to memorise: Corpse Rot, Sublimation of
                  | Blood
     0 | D:1      | Reached XP level 1. HP: 12/12 MP: 2/2
    83 | D:1      | Slain by a jackal

Illustrated notes

Levels and vault maps discovered:
D:1:      lordsloth_arrival_two_stooges, layout_basic,
          shapermc_ecumenical_altar_mp_vishouse, serial_shops, shop_statue

Action                   || total
-------------------------++-------
Melee: Dagger            ||    11
Armor: Robe              ||     7
Dodge: Dodged            ||     9

Table legend: (Time is in decaauts)
 A = Elapsed time spent in this place.
 B = Non-inter-level travel time spent in this place.
 C = Inter-level travel time spent in this place.
 D = Time resting spent in this place.
 E = Time spent auto-exploring this place.
 F = Levels seen in this place.
 G = Mean time per level.
                   A        B        C        D        E       F      G
               +--------+--------+--------+--------+--------+-----+--------+
         Total |     82 |     82 |      0 |      0 |     47 |   1 |   82.0 |
       Dungeon |     82 |     82 |      0 |      0 |     47 |   1 |   82.0 |
               +--------+--------+--------+--------+--------+-----+--------+

Top non-repeatable levels by time:
     D:1: 82 daAuts
